 Dungeon Crawl Stone Soup version 0.29.1-15-g9cfb28693d (webtiles) character file.

Game seed: 51397406691778020

201 leafyfresh the Covert (level 5, -5/38 HPs)
             Began as an Octopode Delver on Apr 7, 2023.
             Slain by a sky beast (6 damage)
             ... on level 6 of the Dungeon.
             The game lasted 00:01:14 (756 turns).

leafyfresh the Covert (Octopode Delver)              Turns: 756, Time: 00:01:15

Health: -5/38      AC:  1    Str: 11    XL:     5   Next: 79%
Magic:  5/5        EV: 14    Int: 20    God:
Gold:   0          SH:  0    Dex: 14    Spells: 4/4 levels left

rFire   . . .      SeeInvis .   a - +0 short sword
rCold   . . .      Faith    .   (no shield)
rNeg    . . .      Spirit   .   (helmet restricted)
rPois   .          Reflect  .   (no amulet)
rElec   .          Harm     .   i - +6 ring of intelligence
rCorr   .          Rampage  .   (no ring)
Will    .....                   (no ring)
Stlth   +++++.....              (no ring)
HPRegen 0.12/turn               (no ring)
MPRegen 0.09/turn               (no ring)
                                (no ring)
                                (no ring)

@: no status effects
A: almost no armour, amphibious, 8 rings, camouflage 1, gelatinous body 1,
(nimble swimmer 1), tentacles
a: no special abilities


You were on level 6 of the Dungeon.
You visited 1 branch of the dungeon, and saw 2 of its levels.

Inventory:

Hand Weapons
 a - a +0 short sword (weapon)
Jewellery
 i - a +6 ring of intelligence (left tentacle)
Wands
 f - a wand of digging (3)
Scrolls
 b - a scroll of fog
 c - a scroll of magic mapping
 d - a scroll of fear
 g - 4 scrolls of identify {unknown}
 h - 2 scrolls of butterflies {unknown}


   Skills:
 + Level 4.3 Fighting
 - Level 2.0 Short Blades
 + Level 3.6 Dodging
 + Level 8.0 Stealth


You had 4 spell levels left.
You didn't know any spells.
Your spell library was empty.

Dungeon Overview and Level Annotations

Branches:
Dungeon (5/15)
 Temple: D:4-7

Altars:

Annotations:
D:6 Grinder, Menkaure


Innate Abilities, Weirdness & Mutations

You cannot wear most types of armour.
You are amphibious.
You can wear up to eight rings at the same time.
Your skin changes colour to match your surroundings (Stealth+).
Your rubbery body absorbs attacks. (AC +1, EV +1)
((You are camouflaged when in or above water. (Stealth+)))
You have tentacles for arms and can constrict up to eight enemies at once.


Message History

h - 2 scrolls labelled ARUPTIO QEVUEM (gained 1)
You open the door.
Menkaure, Prince of Dust comes into view.
There is an open door here.
You close the door.
An adder and a gnoll come into view. 2 gnolls come into view.
A gnoll is wielding a +1 halberd of venom.
A sky beast comes into view.
The adder closely misses you.
You hit the adder. You grab the adder. You squeeze the adder!
You kill the adder!
Your extra speed is starting to run out.
You see here an adder corpse.
You see here an adder corpse.
You see here an adder corpse.
The sky beast misses you.
You closely miss the sky beast. The sky beast hits you.
The sky beast shocks you.
You hit the sky beast.
The sky beast is lightly wounded.
You barely miss the sky beast.
The sky beast is lightly wounded.
You feel yourself slow down. The sky beast barely misses you.
You hit the sky beast.
The sky beast is lightly wounded.
The sky beast hits you.
* * * LOW HITPOINT WARNING * * *
The sky beast shocks you.
* * * LOW HITPOINT WARNING * * *
You hit the sky beast but do no damage.
The sky beast is lightly wounded.
The sky beast barely misses you.
You hit the sky beast but do no damage.
The sky beast is lightly wounded.
The sky beast hits you.
* * * LOW HITPOINT WARNING * * *
The sky beast shocks you.
You die...

....... .# M.
....... .#.#
....... ###...#
.......##.+####
.....S....#...# .
.....####.#.#.#
... #### ...
#.....# #....
#... #
#.#.#######......
#...
#.>..†@Y.....#
#...
#..###########
#... ##...#
########... ###.#
#.......... #.#
#.......... #.#
#.......... #.#
#........## #?##
#..........
####..####
#..........


You could see a sky beast.

Vanquished Creatures
  A phantom (D:5)
  A scorpion (D:6)
  A hound (D:5)
  3 adders (D:6)
  An ufetubus (D:6)
7 creatures vanquished.

Notes
Turn   | Place    | Note
-------+----------+-------------------------------------------
     0 | D:5      | leafyfresh the Octopode Delver began the quest for the Orb.
     0 | D:5      | Reached XP level 1. HP: 16/16 MP: 1/1
     2 | D:5      | Noticed a phantom
    20 | D:5      | Killed a phantom
    21 | D:5      | Reached skill level 7 in Stealth
    21 | D:5      | Reached XP level 2. HP: 4/22 MP: 2/2
    21 | D:5      | Reached XP level 3. HP: 5/27 MP: 3/3
    21 | D:5      | Reached XP level 4. HP: 6/33 MP: 4/4
   407 | D:5      | Noticed a phantom
   416 | D:5      | You fall into a shaft and drop 1 floor!
   609 | D:6      | Reached XP level 5. HP: 37/37 MP: 5/5
   672 | D:6      | Noticed Grinder
   672 | D:6      | Noticed a phantom
   678 | D:6      | Reached skill level 8 in Stealth
   725 | D:6      | Noticed Menkaure
   739 | D:6      | Noticed a sky beast
   756 | D:6      | HP: 1/38 [sky beast (1)]
   756 | D:6      | Slain by a sky beast

Illustrated notes

Levels and vault maps discovered:
D:5:      lemuel_insect_pit, layout_rooms, minivault_11, st_stairs_6
D:6:      layout_basic, mainiacjoe_overflow_swirl, minmay_temple_entry_hall,
          minivault_10, uniq_menkaure, uniq_grinder, uniq_blork_the_orc

Skill      XL: |  1  2  3  4  5 |
---------------+----------------+-----
Dodging        | 3 |  3.6
Stealth        | 7 8 |  8.0
Fighting       | 4 |  4.3
Short Blades   | |  2.0

Action                   |  1- 3 |  4- 6 || total
-------------------------+-------+-------++-------
Melee: Short sword       |    12 |    29 ||    41
       Tentacles         |     3 |     7 ||    10
       Constrict         |       |     4 ||     4
  Use: Potion            |       |     1 ||     1
 Stab: Sleeping          |       |     2 ||     2
       Distracted        |       |     1 ||     1
Armor: Skin              |     1 |     2 ||     3
Dodge: Dodged            |     7 |    19 ||    26
